 Dungeon Crawl Stone Soup version 0.28.0-45-g0d030f2227 (webtiles) character file.

Game seed: 16146502880560670049

5277 MalarOregon the Skirmisher (level 10, -2/82 HPs)
             Began as a Palentonga Fighter on Apr 21, 2022.
             Was an Elder of Lugonu.
             Slain by an orc warrior
             ... wielding a +0 glaive
              (27 damage)
             ... on level 9 of the Dungeon.
             The game lasted 00:25:50 (13034 turns).

MalarOregon the Skirmisher (Palentonga Fighter)    Turns: 13034, Time: 00:25:51

Health: -2/82      AC: 19    Str: 19    XL:     10   Next: 36%
Magic:  0/18       EV:  7    Int: 13    God:    Lugonu [****..]
Gold:   599        SH:  5    Dex: 10    Spells: 10/20 levels left

rFire   . . .      SeeInvis +   a - +1 war axe
rCold   . . .      Faith    .   c - +0 buckler
rNeg    . . .      Spirit   +   k - +0 scale mail
rPois   .          Reflect  .   i - +2 helmet
rElec   .          Harm     .   p - +0 cloak
rCorr   .          Rampage  .   (no gloves)
Will    .....                   (no barding)
Stlth   ..........              E - amulet of guardian spirit
HPRegen 0.23/turn               (no ring)
MPRegen 0.16/turn               (no ring)

@: very slightly contaminated, slowed, curled up, very slow
A: large, rugged brown scales 3, see invisible, deformed body, roll 1, armoured
tail, reflexive curl
a: Rolling Charge, Renounce Religion, Depart the Abyss, Bend Space, Banish,
Corrupt


You were on level 9 of the Dungeon.
You worshipped Lugonu.
Lugonu was greatly pleased with you.
You visited 2 branches of the dungeon, and saw 10 of its levels.

You collected 599 gold pieces.


Innate Abilities, Weirdness & Mutations

You are completely covered in rugged brown scales. (AC +3, +7% HP)
You have supernaturally acute eyesight. (SInv)
Armour fits poorly on your strangely shaped body.
You can roll at nearby foes to attack.
You have a long armoured tail.
You curl defensively after being hit. (AC +7*)


   Skills:
 * Level 6.9 Fighting
 * Level 6.6 Axes
 * Level 5.7 Armour
 - Level 5.0 Shields
 * Level 5.5 Spellcasting
 * Level 5.8 Hexes
 + Level 4.5 Invocations


You had 10 spell levels left.
You knew the following spells:

 Your Spells              Type           Power      Damage    Failure   Level
d - Tukima's Dance        Hex            18%        N/A       16%         3
f - Mephitic Cloud        Conj/Pois/Air  3%         N/A       87%         3
v - Passage of Golubria   Tloc           3%         N/A       99%         4

Your spell library contained the following spells:

 Spells                   Type           Power      Damage    Failure   Level
 Summon Guardian Golem    Hex/Summ       11%        N/A       47%         3
 Magic Dart               Conj           12%        1d3       52%         1
 Pain                     Necr           12%        1d4       52%         1
 Call Imp                 Summ           3%         N/A       65%         2
 Corpse Rot               Necr/Air       6%         N/A       65%         2
 Poisonous Vapours        Pois/Air       6%         N/A       65%         2
 Ignite Poison            Fire/Tmut/Pois 3%         N/A       87%         3
 Stone Arrow              Conj/Erth      6%         3d7       87%         3
 Anguish                  Hex/Necr       5%         N/A       87%         4
 Animate Armour           Summ/Erth      6%         N/A       99%         4
 Silence                  Hex/Air        5%         N/A       99%         5
 Yara's Violent Unravell  Hex/Tmut       5%         3d4       99%         5
 Agony                    Necr           3%         N/A       100%        5
 Excruciating Wounds      Necr           1%         N/A       100%        5
 Freezing Cloud           Conj/Ice/Air   1%         6-21      100%        5
 Enfeeble                 Hex            9%         N/A       100%        7
 Orb of Destruction       Conj           1%         9d5       100%        7
 Spellforged Servitor     Conj/Summ      1%         N/A       100%        7
 Lehudib's Crystal Spear  Conj/Erth      1%         10d2      100%        8

Inventory:

Hand Weapons
 a - a +1 war axe (weapon)
 b - a +1 dagger of venom
   (You took it off a kobold on level 2 of the Dungeon)
Missiles
 d - 5 curare-tipped darts {!f}
 e - 3 datura-tipped darts (quivered)
 l - 19 poisoned darts
Armour
 c - a +0 buckler (worn)
 i - a +2 helmet (worn)
   (You found it on level 1 of the Dungeon)
 k - a +0 scale mail (worn)
 p - a +0 cloak (worn)
   (You found it on level 3 of the Dungeon)
Jewellery
 B - a ring of fire
   (You found it on level 5 of the Dungeon)
 E - an amulet of guardian spirit (around neck)
   (You found it on level 6 of the Dungeon)
Wands
 t - a wand of flame (19)
   (You found it on level 6 of the Dungeon)
 x - a wand of acid (11)
   (You found it on level 4 of the Dungeon)
Scrolls
 f - a scroll of vulnerability {unknown}
 g - 3 scrolls of noise {!r}
 h - a scroll of holy word {unknown}
 j - a scroll of amnesia
 o - 3 scrolls of magic mapping
 q - a scroll of brand weapon {unknown}
 u - 2 scrolls of enchant weapon
 v - 2 scrolls of immolation {!r}
 w - a scroll of silence {unknown}
 y - 5 scrolls of fog
 D - a scroll of teleportation {unknown}
Potions
 m - 3 potions of degeneration {unknown}
 n - 3 potions of mutation {!q}
 z - a potion of magic {unknown}
 G - a potion of flight {unknown}
 H - a potion of brilliance {unknown}

Dungeon Overview and Level Annotations

Branches:
Dungeon (9/15)             Temple (1/1) D:5
   Lair: D:8-11         Orc: D:9-12

Altars:
Ashenzari
Cheibriados
Dithmenos
Elyvilon
Fedhas
Hepliaklqana
Kikubaaqudgha
Nemelex Xobeh
Okawaru
Ru
Sif Muna
Trog
Uskayaw
Vehumet
Wu Jian
Xom
Yredelemnul
Zin
The Shining One
Lugonu

Portals:
Abyss: D:3

Annotations:
D:9 1 runed translucent door

..........#........)..#
.....o...##........[<.#
#.## ##'##########
######o######.. .#
.......oo.))########'##
.##########(# #...>..#
#o# #......# +.
#.####......# #'
#@...'......# #.
#..###......# #. #..#
#......# #'##..#
#......# #..#.##
####'### #..#.# #..#
#.########'#.# #####.##
#..........e.# #......#
#######.###### #......#


You could see a deep elf pyromancer and a neutral orc warrior (fast, strong,
insane, very poisoned).


Message History

Aim: an orc priest, wielding a +0 club You roll forward with a clatter of scales!
You hit the orc priest.
You hear a shout!
The orc priest calls upon Beogh to heal the orc warrior.
The orc warrior is healed somewhat.
The orc warrior hits you from afar with a +0 glaive.
You closely miss the orc priest.
The orc priest hits you but does no damage.
The orc warrior hits you from afar with a +0 glaive.
The orc priest hits you but does no damage.
Throw: 24 darts (poison)
Press: ? - help, Q - select action, (/) - cycle Shift-Dir - straight line, f - orc warrior
Aim: an orc warrior, wielding a +0 glaive, wearing a +0 chain mail and wearing a +6 ring of dexterity (55% to hit)
You throw a poisoned dart. The poisoned dart hits the orc warrior.
The orc warrior is poisoned.
Throw: 23 darts (poison)
Press: ? - help, Q - select action, (/) - cycle Shift-Dir - straight line, f/p - orc warrior
Aim: an orc warrior, wielding a +0 glaive, wearing a +0 chain mail and wearing a +6 ring of dexterity (poisoned, 55% to hit)
You throw a poisoned dart. The poisoned dart hits the orc warrior.
The orc warrior looks even sicker.
The orc warrior hits you from afar with a +0 glaive.
Throw: 22 darts (poison)
Press: ? - help, Q - select action, (/) - cycle Shift-Dir - straight line, f/p - orc warrior
Aim: an orc warrior, wielding a +0 glaive, wearing a +0 chain mail and wearing a +6 ring of dexterity (lightly wounded, very poisoned, 55% to hit)
You throw a poisoned dart.
The poisoned dart barely misses the orc warrior.
The poisoned dart barely misses the orc priest.
The orc warrior hits you from afar with a +0 glaive!
Throw: 21 darts (poison)
Press: ? - help, Q - select action, (/) - cycle Shift-Dir - straight line, f/p - orc warrior
Aim: an orc warrior, wielding a +0 glaive, wearing a +0 chain mail and wearing a +6 ring of dexterity (lightly wounded, very poisoned, 55% to hit)
You throw a poisoned dart. The poisoned dart hits the orc warrior.
The orc warrior looks even sicker.
The orc warrior hits you but does no damage.
Throw: 20 darts (poison)
Press: ? - help, Q - select action, (/) - cycle Shift-Dir - straight line, f/p - orc warrior
Aim: an orc warrior, wielding a +0 glaive, wearing a +0 chain mail and wearing a +6 ring of dexterity (lightly wounded, very poisoned, 55% to hit)
You throw a poisoned dart.
The poisoned dart barely misses the orc warrior.
The poisoned dart hits the orc priest.
The orc priest is poisoned.
The orc warrior closely misses you.
Throw: 19 darts (poison)
Press: ? - help, Q - select action, (/) - cycle Shift-Dir - straight line, f/p - orc warrior
Aim: an orc warrior, wielding a +0 glaive, wearing a +0 chain mail and wearing a +6 ring of dexterity (moderately wounded, very poisoned, 55% to hit)
Okay, then.
Throw: 5 darts (datura)
Press: ? - help, Q - select action, (/) - cycle Shift-Dir - straight line, f/p - orc warrior
Aim: an orc warrior, wielding a +0 glaive, wearing a +0 chain mail and wearing a +6 ring of dexterity (moderately wounded, very poisoned, 55% to hit, chance to frenzy on hit: 51%)
You throw a datura-tipped dart.
The datura-tipped dart barely misses the orc warrior.
The datura-tipped dart barely misses the orc priest.
The orc warrior hits you from afar with a +0 glaive!
* * * LOW HITPOINT WARNING * * *
Throw: 4 darts (datura)
Press: ? - help, Q - select action, (/) - cycle Shift-Dir - straight line, f/p - orc warrior
Aim: an orc warrior, wielding a +0 glaive, wearing a +0 chain mail and wearing a +6 ring of dexterity (moderately wounded, very poisoned, 55% to hit, chance to frenzy on hit: 51%)
You throw a datura-tipped dart.
The datura-tipped dart hits the orc warrior.
The orc warrior flies into a frenzy!
The orc warrior hits the orc priest with a +0 glaive!!
The orc priest dies!
Lugonu accepts your kill.
The orc barely misses the orc warrior.
The orc warrior misses the orc.
The orc warrior hits the orc with a +0 glaive!
The orc dies!
Lugonu accepts your kill.
Cast which spell? (? or * to list)
The spell is quite dangerous to miscast (87% risk of failure)!
Continue anyway?
Okay, then.
Casting: Mephitic Cloud (quite dangerous; 87% risk of failure)
Confirm with . or Enter, or press ? or * to list all spells.
Aiming: Tukima's Dance (dangerous; 16% risk of failure)
Press: ? - help, Shift-Dir - straight line, f/p - orc warrior
Aim: an orc warrior, wielding a +0 glaive, wearing a +0 chain mail and wearing a +6 ring of dexterity (moderately wounded, fast, strong, frenzied and insane, unaware, very poisoned, chance to affect: 50%)
The orc warrior resists with significant effort.
The orc warrior closely misses you.
Casting: Tukima's Dance (dangerous; 16% risk of failure)
Confirm with . or Enter, or press ? or * to list all spells.
Aiming: Tukima's Dance (dangerous; 16% risk of failure)
Press: ? - help, Shift-Dir - straight line, f/p - orc warrior
Aim: an orc warrior, wielding a +0 glaive, wearing a +0 chain mail and wearing a +6 ring of dexterity (moderately wounded, fast, strong, frenzied and insane, very poisoned, chance to affect: 50%)
You miscast Tukima's Dance.
You are very lightly contaminated with residual magic.
Magic surges out from your body.
You feel yourself slow down. The orc warrior barely misses you.
Casting: Tukima's Dance (dangerous; 16% risk of failure)
Confirm with . or Enter, or press ? or * to list all spells.
Aiming: Tukima's Dance (dangerous; 16% risk of failure)
Press: ? - help, Shift-Dir - straight line, f/p - orc warrior
Aim: an orc warrior, wielding a +0 glaive, wearing a +0 chain mail and wearing a +6 ring of dexterity (heavily wounded, fast, strong, frenzied and insane, very poisoned, chance to affect: 50%)
You miscast Tukima's Dance.
Nothing appears to happen.
The orc warrior hits you from afar with a +0 glaive!
* * * LOW HITPOINT WARNING * * *
The orc warrior completely misses you.
A deep elf pyromancer comes into view. It is wielding a +0 short sword.
The orc warrior hits you from afar with a +0 glaive!!
You die...

Skill      XL: |  1  2  3  4  5  6  7  8  9 |
---------------+----------------------------+-----
Spellcasting   | 1 2 3 4 5 |  5.5
Armour         | 3 4 5 |  5.7
Shields        | 3 4 5 |  5.0
Axes           | 3 4 5 6 |  6.6
Invocations    | 1 2 3 4 |  4.5
Hexes          | 1 2 4 5 |  5.8
Fighting       | 4 5 6 |  6.9

Action                   |  1- 3 |  4- 6 |  7- 9 | 10-12 || total
-------------------------+-------+-------+-------+-------++-------
Melee: War axe           |   105 |    83 |   363 |   109 ||   660
       Tailslap          |     9 |     9 |    61 |    17 ||    96
       Dagger            |       |       |    46 |    23 ||    69
Throw: Dart              |       |       |    32 |     7 ||    39
 Cast: Tukima's Dance    |       |       |       |     1 ||     1
Invok: Bend Space        |       |       |       |     1 ||     1
 Abil: Rolling Charge    |     3 |     1 |    10 |     7 ||    21
Evoke: Wand              |       |       |     1 |     3 ||     4
  Use: Scroll            |       |     1 |     6 |     2 ||     9
       Potion            |       |     1 |     3 |     9 ||    13
 Stab: Invisible         |       |       |       |     1 ||     1
Armor: Scale mail        |    55 |    48 |   276 |   109 ||   488
Dodge: Dodged            |    35 |    28 |   158 |    83 ||   304
Block: Buckler           |    16 |    18 |    99 |    46 ||   179

Levels and vault maps discovered:
D:1:      elethiomel_arrival_quiet, layout_basic,
          hellmonk_ecumenical_altar_arch_garden, grunt_decor_cap,
          minmay_strange_pillars
D:2:      cheibrodos_greedy_goblins, layout_loops_ring
D:3:      layout_loops_cross, elyvilon_altar_3,
          amcnicky_altar_lugonu_corruption, uniq_jessica
D:4:      layout_basic, gammafunk_ghost_necromancy
D:5:      kennysheep_six_static_rooms, layout_loops_corners,
          lemuel_temple_firewalk_b, minmay_misc_feat_plants, fountainhead,
          uniq_duvessa
D:6:      layout_gridville, st_stairs_9, minmay_hedge_maze, uniq_prince_ribbit1
D:7:      layout_basic, xom_shifter_show, minmay_ruffians
D:8:      layout_cave_pools
D:9:      layout_roguey [special_room_orc], eat_drink_and_be_merry_uskayaw,
          nrook_mini_backslash, minivault_13
Temple:   nicolae_temple_x_marks_the_god

Notes
Turn   | Place    | Note
-------+----------+-------------------------------------------
     0 | D:1      | MalarOregon the Palentonga Fighter began the quest for the
                  | Orb.
     0 | D:1      | Reached XP level 1. HP: 19/19 MP: 1/1
   160 | D:1      | Reached XP level 2. HP: 22/25 MP: 2/2
   195 | D:1      | Found a faded altar of an unknown god.
  1334 | D:2      | Reached XP level 3. HP: 14/31 MP: 4/4
  1750 | D:2      | Reached skill level 1 in Spellcasting
  2099 | D:3      | Found a white marble altar of Elyvilon.
  2200 | D:3      | You pick up a book of Pain and begin reading...
  2200 | D:3      | You add the spells Pain, Agony and Excruciating Wounds to
                  | your library.
  2251 | D:3      | Found a corrupted altar of Lugonu.
  2252 | D:3      | Found a one-way gate to the infinite horrors of the Abyss.
  2461 | D:3      | Became a worshipper of Lugonu the Unformed
  2461 | D:3      | Reached * piety under Lugonu
  2563 | D:3      | Reached XP level 4. HP: 27/37 MP: 5/5
  2910 | D:3      | Noticed Jessica
  2911 | D:3      | Killed Jessica
  2912 | D:3      | Reached skill level 3 in Armour
  2931 | D:3      | Reached skill level 3 in Shields
  2941 | D:3      | You add the spells Tukima's Dance, Passage of Golubria and
                  | Yara's Violent Unravelling to your library.
  2951 | D:3      | Learned a level 3 spell: Tukima's Dance
  3116 | D:4      | Reached XP level 5. HP: 25/44 MP: 7/7
  3298 | D:4      | Learned a level 4 spell: Passage of Golubria
  3374 | D:4      | Noticed a phantom
  3389 | D:4      | Killed a phantom
  3390 | D:4      | Reached skill level 3 in Axes
  3390 | D:4      | Reached skill level 1 in Invocations
  3708 | D:4      | Found a runed translucent gate.
  3708 | D:4      | Found a runed translucent gate.
  3708 | D:4      | Found a runed translucent gate.
  3797 | D:4      | Noticed Zappman123's ghost (amateur VSFi)
  3880 | D:4      | Reached skill level 2 in Spellcasting
  3880 | D:4      | Reached skill level 1 in Hexes
  3880 | D:4      | Reached XP level 6. HP: 35/51 MP: 7/9
  4307 | D:4      | You add the spells Ignite Poison, Mephitic Cloud and
                  | Freezing Cloud to your library.
  4648 | D:4      | Killed Zappman123's ghost
  4648 | D:4      | Reached ** piety under Lugonu
  4649 | D:4      | Reached skill level 4 in Fighting
  4785 | D:5      | Entered Level 5 of the Dungeon
  4793 | D:5      | Gained mutation: You curl defensively after being hit. (AC
                  | +7*) [Palentonga growth]
  4793 | D:5      | Reached XP level 7. HP: 57/57 MP: 10/10
  5023 | D:5      | Reached skill level 2 in Hexes
  5209 | D:5      | You pick up a book of Maledictions and begin reading...
  5209 | D:5      | You add the spells Anguish and Enfeeble to your library.
  5218 | D:5      | Learned a level 3 spell: Mephitic Cloud
  5241 | D:5      | Reached skill level 2 in Invocations
  5361 | D:5      | You pick up a book of the Moon and begin reading...
  5361 | D:5      | You add the spells Silence and Lehudib's Crystal Spear to
                  | your library.
  5563 | D:5      | Reached skill level 4 in Axes
  5703 | D:5      | Noticed Duvessa
  5706 | D:5      | Noticed Dowan
  5721 | D:5      | Killed Duvessa
  5722 | D:5      | Reached skill level 4 in Shields
  5722 | D:5      | Reached skill level 3 in Spellcasting
  5722 | D:5      | Reached XP level 8. HP: 19/65 MP: 12/12
  5728 | D:5      | Killed Dowan
  6063 | D:5      | Found a staircase to the Ecumenical Temple.
  6072 | Temple   | Entered the Ecumenical Temple
  6276 | D:5      | Reached skill level 4 in Armour
  6368 | D:5      | Reached skill level 3 in Hexes
  7144 | D:6      | Reached skill level 5 in Fighting
  7166 | D:6      | You pick up a book of Dangerous Friends and begin
                  | reading...
  7166 | D:6      | You add the spells Summon Guardian Golem, Orb of
                  | Destruction and Spellforged Servitor to your library.
  7208 | D:6      | You pick up a book of Armaments and begin reading...
  7208 | D:6      | You add the spells Stone Arrow and Animate Armour to your
                  | library.
  7321 | D:6      | Noticed Prince Ribbit
  7345 | D:6      | HP: 13/66 [Prince Ribbit (10)]
  7346 | D:6      | Killed Prince Ribbit
  7857 | D:7      | Reached skill level 3 in Invocations
  7878 | D:6      | Reached skill level 5 in Axes
  8077 | D:6      | Reached skill level 4 in Spellcasting
  8077 | D:6      | Reached skill level 4 in Hexes
  8077 | D:6      | Reached XP level 9. HP: 23/72 MP: 3/15
  8077 | D:6      | Reached *** piety under Lugonu
  8084 | D:6      | HP: 12/72 [water moccasin (7)]
  8088 | D:6      | HP: 5/72 [poisoned by a water moccasin]
  8460 | D:7      | Reached skill level 5 in Shields
  8829 | D:7      | Reached skill level 6 in Fighting
  8829 | D:7      | Reached skill level 5 in Armour
  9125 | D:7      | Found a shimmering altar of Xom.
  9125 | D:7      | Found a shimmering altar of Xom.
  9159 | D:7      | You pick up a book of Vapours and begin reading...
  9159 | D:7      | You add the spells Poisonous Vapours and Corpse Rot to your
                  | library.
  9266 | D:7      | Reached skill level 4 in Invocations
  9445 | D:7      | Noticed an elephant
  9446 | D:7      | Noticed a cyclops
  9447 | D:7      | Found a shimmering altar of Xom.
  9448 | D:7      | Found a shimmering altar of Xom.
  9448 | D:7      | Found a shimmering altar of Xom.
  9448 | D:7      | Found a shimmering altar of Xom.
  9664 | D:7      | Reached skill level 5 in Hexes
  9829 | D:7      | Reached skill level 6 in Axes
 10191 | D:8      | Reached skill level 5 in Spellcasting
 10617 | D:8      | Reached XP level 10. HP: 57/82 MP: 12/17
 10732 | D:8      | HP: 19/82 [killer bee (2)]
 10736 | D:8      | HP: 8/82 [poisoned by a killer bee]
 10741 | D:9      | HP: 5/82 [poisoned by a killer bee]
 11092 | D:9      | Reached **** piety under Lugonu
 11139 | D:9      | HP: 14/82 [steam dragon/ball of steam (9)]
 11140 | D:9      | HP: 6/82 [something/ball of steam (7)]
 11147 | D:9      | HP: 1/82 [steam dragon (4)]
 11155 | D:9      | Found a hide-covered altar of Uskayaw.
 11158 | D:9      | You pick up a book of Minor Magic and begin reading...
 11158 | D:9      | You add the spells Magic Dart and Call Imp to your library.
 11526 | D:9      | HP: 18/82 [killer bee (3)]
 11530 | D:9      | HP: 8/82 [killer bee (1)]
 11535 | D:9      | HP: 18/82 [poisoned by a killer bee]
 11540 | D:9      | HP: 13/82 [poisoned by a killer bee]
 11687 | D:9      | HP: 17/82 [steam dragon/ball of steam (4)]
 11694 | D:9      | HP: 15/82 [poisoned by a kobold brigand]
 11699 | D:9      | HP: 6/82 [poisoned by a kobold brigand]
 11704 | D:9      | HP: 17/82 [poisoned by a kobold brigand]
 12984 | D:9      | Found a runed translucent door.
 13034 | D:9      | Noticed a deep elf pyromancer
 13034 | D:9      | Slain by an orc warrior

Vanquished Creatures
  Prince Ribbit (D:6)
  The ghost of Zappman123 the Chopper, an amateur VSFi of Makhleb (D:4)
  A shadow (D:9)
  3 yaks (D:9)
  6 humans
  A steam dragon (D:9)
  An acid dragon (D:8)
  A water moccasin (D:6)
  An orc warrior (D:7)
  Duvessa (D:5)
  An ice beast (D:5)
  An ogre (D:6)
  2 centaurs
  2 phantoms
  A kobold brigand (D:9)
  3 bullfrogs
  A wyvern zombie (D:8)
  A wyvern skeleton (D:7)
  Dowan (D:5)
  A water moccasin skeleton (D:6)
  A water moccasin zombie (D:5)
  5 killer bees
  7 howler monkeys
  2 centaur zombies
  4 hounds
  4 bullfrog zombies
  2 gnoll shamans
  10 orc priests
  A bullfrog skeleton (D:5)
  Jessica (D:3)
  6 iguanas
  6 orc wizards
  A killer bee zombie (D:8)
  A howler monkey zombie (D:6)
  8 adders
  9 gnolls
  A white imp (D:8)
  3 ufetubi (D:5)
  2 worms (D:2)
  A dart slug (D:1)
  25 orcs
  4 ball pythons
  8 endoplasms
  A giant cockroach (D:2)
  11 hobgoblins
  5 jackals
  7 kobolds
  4 quokkas
  2 bats
  A frilled lizard (D:2)
  13 goblins
  2 rats
189 creatures vanquished.

Vanquished Creatures (collateral kills)
  An orc priest (D:9)
  An orc (D:9)
2 creatures vanquished.

Vanquished Creatures (others)
  A steam dragon (D:9)
  An orc wizard (D:9)
  2 orcs (D:9)
  2 lurking horrors (D:3)
6 creatures vanquished.

Grand Total: 197 creatures vanquished

Table legend:
 A = Non-vault XP
 B = Vault XP
 C = Vault XP percentage of total XP
 D = Non-vault monster count
 E = Vault monster count
 F = Vault count percentage of total count
                 A         B        C        D         E       F
            +---------+---------+-------+---------+---------+-------
      Total |    5277 |    2262 |  30.0 |     152 |      41 |  21.2
            +---------+---------+-------+---------+---------+-------
        D:1 |      26 |       0 |   0.0 |      14 |       0 |   0.0
        D:2 |      21 |      19 |  47.5 |       9 |      10 |  52.6
        D:3 |      86 |      37 |  30.1 |      17 |       1 |   5.6
        D:4 |     215 |     309 |  59.0 |      13 |       3 |  18.8
        D:5 |     664 |     383 |  36.6 |      20 |       8 |  28.6
        D:6 |     873 |     474 |  35.2 |      15 |       4 |  21.1
        D:7 |     863 |     970 |  52.9 |      25 |       5 |  16.7
        D:8 |     843 |       0 |   0.0 |      18 |       0 |   0.0
        D:9 |    1686 |      70 |   4.0 |      21 |      10 |  32.3
            +---------+---------+-------+---------+---------+-------

Illustrated notes

Table legend:
 A = Kills in this place as a percentage of kills in entire the game.
 B = Kills by you in this place as a percentage of kills by you in the entire game.
 C = Kills by friends in this place as a percentage of kills by friends in the entire game.
 D = Other kills in this place as a percentage of other kills in the entire game.
 E = Experience gained in this place as a percentage of experience gained in the entire game.
 F = Experience gained in this place divided by the number of levels of this place that you have seen.
                   A       B       C       D       E      F
               +-------+-------+-------+-------+-------+----------------------
         Total | 100.0 | 100.0 | 100.0 | 100.0 | 100.0 | 753.9
       Dungeon | 100.0 | 100.0 | 100.0 | 100.0 | 100.0 | 837.7
               +-------+-------+-------+-------+-------+----------------------

Table legend: (Time is in decaauts)
 A = Elapsed time spent in this place.
 B = Non-inter-level travel time spent in this place.
 C = Inter-level travel time spent in this place.
 D = Time resting spent in this place.
 E = Time spent auto-exploring this place.
 F = Levels seen in this place.
 G = Mean time per level.
                   A        B        C        D        E       F      G
               +--------+--------+--------+--------+--------+-----+--------+
         Total |  13249 |  12721 |    528 |   3516 |   7249 |  10 | 1324.9 |
       Dungeon |  13191 |  12670 |    521 |   3516 |   7203 |   9 | 1465.7 |
        Temple |     58 |     51 |      7 |      0 |     46 |   1 |   58.0 |
               +--------+--------+--------+--------+--------+-----+--------+

Top non-repeatable levels by time:
     D:6: 1876 daAuts
     D:5: 1860 daAuts
     D:7: 1783 daAuts
     D:9: 1770 daAuts
     D:4: 1760 daAuts
     D:2: 1216 daAuts
     D:3: 1108 daAuts
     D:8: 1017 daAuts
     D:1: 798 daAuts
  Temple: 58 daAuts
